[Event "*** Titled Tuesday Blitz"]
[Site "Chess.com"]
[Date "2020.05.26"]
[Round "5"]
[White "louis198"]
[Black "chessdjw"]
[Result "0-1"]
[WhiteElo "2502"]
[BlackElo "2711"]
[TimeControl "180+1"]
[EndTime "10:56:12 PDT"]
[Termination "chessdjw won by resignation"]

1. d4 Nf6 2. Bf4 d5 3. e3 e6 4. Bd3 c5 5. c3 Nc6 6. Nd2 Qb6 7.
Qc2 Nh5 8. Bg3 Nxg3 9. hxg3 g6 10. Ngf3 Bg7 11. dxc5 Qxc5 12. e4 O-O 13. exd5 Qxd5 14.
Be4 Qc5 15. Nb3 Qb6 16. Ng5 h6 17. Bxg6 fxg6 18. Qxg6 Qxf2+ 19. Kd1 hxg5 20. Qh7+ Kf7 21. Qh5+ Ke7 22. Qxg5+ Qf6 23. Qc5+ Ke8 24. Nd2 Bd7 25.
Kc2 Qf5+ 26. Qxf5 Rxf5 27. Rae1 Ke7 28. Rh7 Rg8 29. Ne4 Be8 30. g4 Rf4 31. Nc5 Bg6+ 32.
Kb3 Bxh7 33. Rxe6+ Kf7 34. Rd6 Na5+ 35. Ka3 Nc4+ 0-1

[Event "*** Titled Tuesday Blitz"]
[Site "Chess.com"]
[Date "2020.05.26"]
[Round "5"]
[White "aa175"]
[Black "witcher8"]
[Result "0-1"]
[WhiteElo "2539"]
[BlackElo "2409"]
[TimeControl "180+1"]
[EndTime "10:56:12 PDT"]
[Termination "witcher8 won on time"]

1. d4 Nf6 2. Nf3 g6 3. Bf4 Bg7 4. e3 O-O 5. Be2 c5 6. O-O b6 7. Nbd2 Bb7 8. c3 d5 9. Ne5 Nfd7 10. Ndf3 Nc6 11. Nxc6 Bxc6 12. a4 Re8 13. a5 e5 14.
dxe5 Nxe5 15. Qb3 d4 16. Nxe5 Bxe5 17. Bxe5 Rxe5 18. axb6 axb6 19. Rxa8 Qxa8 20. cxd4 cxd4 21. Qxb6 Bxg2 22. Ra1 Qxa1+ 23. Kxg2 Rg5+ 24. Kh3 Qa8 25. Kh4 h6 26. f4 Rg2 27. Bf3 Qxf3 28. Qd8+ Kh7 0-1

[Event "*** Titled Tuesday Blitz"]
[Site "Chess.com"]
[Date "2020.05.26"]
[Round "5"]
[White "mr65"]
[Black "FMOlexandrProhorov"]
[Result "0-1"]
[WhiteElo "2179"]
[BlackElo "2086"]
[TimeControl "180+1"]
[EndTime "10:56:12 PDT"]
[Termination "FMOlexandrProhorov won by resignation"]

1. e4 c5 2. d4 cxd4 3. c3 d3 4.
c4 g6 5. Nc3 Bg7 6. Bxd3 Nc6 7.
Nge2 Nf6 8. O-O O-O 9. b3 d6 10. Bb2 Bg4 11. Qd2 Rc8 12. f3 Be6 13. Kh1 a6 14.
Rad1 Qa5 15. Bb1 b5 16. cxb5 axb5 17. Nd5 Qxd2 18. Rxd2 Bxd5 19. exd5 Nb4 20. Nd4 Nfxd5 21. Nxb5 Bxb2 22. Rxb2 Rc5 23. Nd4 e5 24. Ne2 Rfc8 25. h4 f5 26. h5 Kf7 27. Rd2 Ke6 28. a3 Nc2 29. Bxc2 Rxc2 30. Rxc2 Rxc2 31. Nc1 Nf4 32. hxg6 hxg6 33. g3 Nd5 34. Nd3 e4 35. fxe4 fxe4 36. Nf2 Ke5 37. Ng4+ Ke6 38. Ra1 Kf5 39. Nh2 e3 40. a4 Ke4 41. a5 e2 42. Re1 Nc3 43.
a6 Ra2 44. Nf1 Kf3 45. Nd2+ Kf2 0-1

[Event "*** Titled Tuesday Blitz"]
[Site "Chess.com"]
[Date "2020.05.26"]
[Round "5"]
[White "Enriquack"]
[Black "Shubinkirill2003"]
[Result "0-1"]
[WhiteElo "2339"]
[BlackElo "2610"]
[TimeControl "180+1"]
[EndTime "10:56:13 PDT"]
[Termination "Shubinkirill2003 won by resignation"]

1. e4 e6 2. d4 d5 3. Nc3 Bb4 4. Ne2 Nc6 5. a3 Ba5 6. b4 Bb6 7. b5 Nb8 8. exd5 exd5 9. Nf4 Ne7 10. Be3 O-O 11. Be2 Ba5 12. Qd2 Nd7 13. O-O Nf6 14. f3 Re8 15. Bf2 Ng6 16. Nxg6 hxg6 17.
Bd3 Be6 18. Rab1 Qd7 19. Rb3 c5 20. bxc6 bxc6 21. Qc1 Bf5 22. Bxf5 Qxf5 23. Na4 Re2 24. c4 Rc2 25. Qb1 Rxc4 26. Rb8+ Rxb8 27. Qxb8+ Kh7 28. Nc5 Bb6 29. Qb7 Nh5 30. Qxc6 Nf4 31. Qb5 Ne2+ 32.
Kh1 Nxd4 33. Bxd4 Rxd4 34. Nd7 Rd2 35. Nxb6 axb6 36. Qxb6 Qd3 37. Qf2 Rxf2 0-1

[Event "*** Titled Tuesday Blitz"]
[Site "Chess.com"]
[Date "2020.05.26"]
[Round "5"]
[White "Sweafty"]
[Black "Aleksandr_Kozak"]
[Result "0-1"]
[WhiteElo "2503"]
[BlackElo "2344"]
[TimeControl "180+1"]
[EndTime "10:56:13 PDT"]
[Termination "Aleksandr_Kozak won by checkmate"]

1. d4 g6 2. c4 Bg7 3. Nc3 c5 4. d5 Bxc3+ 5. bxc3 f5 6. Nf3 Qa5 7. Qc2 Nf6 8. g3 d6 9. Bg2 Nbd7 10. O-O Nb6 11. Nd2 Qa4 12. Qd3 Bd7 13. Re1 O-O-O 14. e4 e5 15. dxe6 Bxe6 16. exf5 Bxf5 17. Qf3 Rd7 18. h3 h5 19. Nf1 Nxc4 20. Ne3 Ne5 21. Qe2 Bd3 22. Qd2 Be4 23. f4 Nd3 24. Rd1 c4 25. Nc2 d5 26. Nd4 Bxg2 27. Kxg2 Ne4 28.
Qc2 Qxc2+ 29. Nxc2 Nxc3 30. Rf1 d4 31. a4 Re8 32. Kf3 Ne4 33. Rb1 Nxc1 34. Rbxc1 Nd2+ 35. Kf2 Nxf1 36. Rxf1 d3 37. Ne3 c3 38. Rc1 c2 39. Nf1 Re2+ 40. Kf3 Rde7 41. g4 h4 42. f5 g5 43. f6 Rf7 44. Ne3 Rxf6+ 45. Nf5 Rfe6 46. Nd4 R6e3# 0-1

[Event "*** Titled Tuesday Blitz"]
[Site "Chess.com"]
[Date "2020.05.26"]
[Round "5"]
[White "dianosky"]
[Black "chiwii"]
[Result "0-1"]
[WhiteElo "2386"]
[BlackElo "2229"]
[TimeControl "180+1"]
[EndTime "10:56:13 PDT"]
[Termination "chiwii won on time"]

1. d4 Nf6 2. c4 g6 3. Nc3 Bg7 4. e4 d6 5. f4 O-O 6. Be2 c5 7. d5 Nbd7 8. Nf3 h5 9. h3 a6 10.
a4 Rb8 11. O-O Re8 12. Re1 Nf8 13. Bd3 Bd7 14. e5 dxe5 15. fxe5 N6h7 16. Bf4 e6 17. Qc2 Qa5 18. b3 Qc7 19. Rad1 Kh8 20. Ne4 b5 21.
axb5 axb5 22. Nd6 Re7 23. Bg5 Nxg5 24. Nxg5 Be8 25. Nxe8 Rexe8 26. Qf2 bxc4 27. bxc4 Kg8 28. Qf4 Rb2 0-1

[Event "*** Titled Tuesday Blitz"]
[Site "Chess.com"]
[Date "2020.05.26"]
[Round "5"]
[White "GoltsevDmitry2000"]
[Black "almaguerjm"]
[Result "1-0"]
[WhiteElo "2690"]
[BlackElo "2352"]
[TimeControl "180+1"]
[EndTime "10:56:14 PDT"]
[Termination "GoltsevDmitry2000 won by resignation"]

1. e4 e5 2. Nf3 Nc6 3. Bb5 a6 4.
Ba4 Nf6 5. O-O Be7 6. Re1 b5 7.
Bb3 O-O 8. h3 h6 9. c3 d5 10.
exd5 Nxd5 11. Nxe5 Nxe5 12. Rxe5 c6 13. d4 Bd6 14. Re1 Ra7 15. Nd2 f5 16. Nf3 Re7 17.
Rxe7 Qxe7 18. Bd2 Re8 19. Qc2 g5 20. Re1 Qf8 21. Qd3 Kg7 22. Ne5 Bxe5 23. Rxe5 Rxe5 24. dxe5 Be6 25. Be3 f4 26. Bd4 c5 27. Bxd5 Bxd5 28.
e6+ cxd4 29. Qxd4+ Kg6 30. Qxd5 Kf6 31. Qd7 Qe7 32.
Qxe7+ Kxe7 33. Kf1 Kxe6 34. Ke2 Kd5 35. Kd3 h5 36. b3 g4 37. hxg4 hxg4 38. g3 f3 39.
Ke3 Ke5 40. c4 b4 41. c5 Kd5 42. Kf4 Kxc5 43. Kxg4 Kd4 44. Kxf3 Kc3 45. g4 Kb2 46. g5 Kxa2 47. g6 Kxb3 48. g7 Kc2 49. g8=Q b3 50. Qc4+ Kb2 51. Qxa6 Kb1 52. Qb6 b2 53.
Ke2 Kc2 54. f4 1-0

[Event "*** Titled Tuesday Blitz"]
[Site "Chess.com"]
[Date "2020.05.26"]
[Round "5"]
[White "PrinceMurad09"]
[Black "MacDaddyMac"]
[Result "1-0"]
[WhiteElo "2515"]
[BlackElo "2254"]
[TimeControl "180+1"]
[EndTime "10:56:14 PDT"]
[Termination "PrinceMurad09 won by resignation"]

1. e4 e6 2. d4 d5 3. Nd2 Nf6 4. e5 Nfd7 5. Bd3 c5 6. c3 Nc6 7.
Ne2 Be7 8. O-O Qb6 9. Nf3 g5 10. dxc5 Nxc5 11. Bxg5 Bxg5 12. Nxg5 Nxd3 13. Qxd3 Nxe5 14.
Qd4 Qxd4 15. Nxd4 h6 16. Nh3 Ng6 17. f4 Bd7 18. Rae1 O-O-O 19. f5 exf5 20. Nxf5 Kc7 21. Nd4 Bxh3 22. gxh3 Rd7 23. Rf5 Rg8 24. Kh1 Kd8 25.
Rf6 Re8 26. Ref1 Ke7 27. Rxf7+ Kd8 28. R7f6 Ne5 29. Rxh6 Nd3 30. b3 Rg7 31. Rd6+ Kc7 32. Rdf6 Kb8 33. R6f3 Ne5 34. Rf8 Rxf8 35. Rxf8+ Kc7 36.
Ne6+ 1-0

[Event "*** Titled Tuesday Blitz"]
[Site "Chess.com"]
[Date "2020.05.26"]
[Round "5"]
[White "BabyFacedAssasin"]
[Black "amiralfio"]
[Result "1-0"]
[WhiteElo "2246"]
[BlackElo "2406"]
[TimeControl "180+1"]
[EndTime "10:56:14 PDT"]
[Termination "BabyFacedAssasin won by checkmate"]

1. e4 e5 2. Nf3 Nc6 3. Bb5 a6 4. Ba4 Nf6 5. d4 b5 6. dxe5 Nxe4 7. Bb3 Nc5 8. Nc3 Nxb3 9. axb3 Bc5 10. Ne4 Be7 11. O-O O-O 12. Re1 Bb7 13. Bf4 Qc8 14.
Nfg5 h6 15. Qh5 hxg5 16. Bxg5 d5 17. Nf6+ Bxf6 18. Bxf6 Ne7 19. Bxe7 Qe6 20. Bxf8 Rxf8 21. f4 c5 22. f5 Qc6 23. f6 d4 24. Qg4 g6 25. Re2 Re8 26. Qg5 Re6 27. Qh6 Rxf6 28. exf6 Qxg2+ 29. Rxg2 Bf3 30. Qg7# 1-0

[Event "*** Titled Tuesday Blitz"]
[Site "Chess.com"]
[Date "2020.05.26"]
[Round "5"]
[White "Raja3401"]
[Black "Muguet7"]
[Result "1-0"]
[WhiteElo "2702"]
[BlackElo "2471"]
[TimeControl "180+1"]
[EndTime "10:56:15 PDT"]
[Termination "Raja3401 won by resignation"]

1. e4 c5 2. Nf3 d6 3. d4 cxd4 4. Nxd4 Nf6 5. Nc3 a6 6. Bg5 Nbd7 7. Qe2 e6 8. O-O-O h6 9. Bh4 Be7 10. f4 Qc7 11. g4 b5 12. e5 dxe5 13. fxe5 Qxe5 14. Qf3 Nb6 15. Bxf6 Bxf6 16. Qc6+ Bd7 17. Qxb6 Rb8 18. Qa7 b4 19. Ne4 Qf4+ 20. Kb1 O-O 21. Nxf6+ Qxf6 22. Qxd7 Rfd8 23. Qa7 e5 24. Bc4 exd4 25.
Rhf1 Qg5 26. Qxf7+ Kh8 27. Bd3 Qxg4 28. Rg1 Qd7 29.
Qg6 Kg8 30. Rdf1 1-0

[Event "*** Titled Tuesday Blitz"]
[Site "Chess.com"]
[Date "2020.05.26"]
[Round "5"]
[White "51616516516"]
[Black "Nikolaj_6"]
[Result "1-0"]
[WhiteElo "2361"]
[BlackElo "2507"]
[TimeControl "180+1"]
[EndTime "10:56:15 PDT"]
[Termination "51616516516 won by resignation"]

1. Nf3 Nf6 2. c4 g6 3. d4 Bg7 4. g3 O-O 5. Bg2 d6 6. O-O Nbd7 7.
Nc3 e5 8. e4 c6 9. h3 Re8 10.
Be3 a5 11. Qc2 a4 12. Rad1 Qa5 13. Kh2 b5 14. cxb5 cxb5 15. dxe5 dxe5 16. Nd5 Nxd5 17. exd5 Bb7 18. Ng5 Rac8 19. Qe2 b4 20. Ne4 Ba6 21.
Qf3 Bxf1 22. Nd6 f5 23. Bxf1 e4 24. Qe2 Ne5 25. Qb5 Qxb5 26. Bxb5 Red8 27. Nxc8 Rxc8 28. d6 Rb8 29. d7 Bf6 30. Bxa4 Nd3 31. Rd2 Kf8 32.
h4 Ke7 33. Bc2 Ne5 34. Bc5+ Kd8 35. Kg2 Nxd7 36. Ba4 Rb7 37. Bc6 Rc7 38. Bb6 Be5 39.
Bxc7+ Kxc7 40. Bxd7 Bd6 41. Be6 1-0

[Event "*** Titled Tuesday Blitz"]
[Site "Chess.com"]
[Date "2020.05.26"]
[Round "5"]
[White "CrazyMartian"]
[Black "Barmen_EV"]
[Result "1-0"]
[WhiteElo "2308"]
[BlackElo "2399"]
[TimeControl "180+1"]
[EndTime "10:56:15 PDT"]
[Termination "CrazyMartian won by resignation"]

1. d4 d6 2. e4 e5 3. dxe5 dxe5 4. Qxd8+ Kxd8 5. Be3 Be6 6. Nd2 Nd7 7. Bc4 c6 8. Bxe6 fxe6 9. Ne2 Kc7 10. O-O-O Ngf6 11.
f3 Bb4 12. c3 Ba5 13. Nc4 Bb6 14. Bxb6+ axb6 15. a3 b5 16. Ne3 Nc5 17. Kc2 Rad8 18. Rxd8 Rxd8 19. Rd1 Rg8 20. h4 h6 21. Nc1 g5 22. hxg5 hxg5 23. Nd3 Nxd3 24. Kxd3 g4 25. Ke2 Nh5 26. Nxg4 Ng3+ 27. Kf2 Nxe4+ 28. fxe4 Rxg4 29. Kf3 Rf4+ 30. Ke3 Rg4 31. Kf3 Rf4+ 32. Ke3 c5 33. g3 Rg4 34. Kf3 Rg8 35. Rh1 Kc6 36. Rh6 Re8 37.
g4 b4 38. axb4 cxb4 39. cxb4 Kb5 40. g5 Kxb4 41. g6 b5 42. g7 Rd8 43. Rh8 Rd3+ 44. Ke2 Rg3 45. g8=Q Rxg8 46. Rxg8 Kb3 47. Re8 Kxb2 48.
Rxe6 b4 49. Rxe5 b3 50. Rb5 Kc3 51. e5 b2 52. e6 Kc2 53. e7 b1=Q 54. Rxb1 Kxb1 55.
e8=Q 1-0

[Event "*** Titled Tuesday Blitz"]
[Site "Chess.com"]
[Date "2020.05.26"]
[Round "5"]
[White "Paladin61"]
[Black "Beca95"]
[Result "0-1"]
[WhiteElo "2625"]
[BlackElo "2864"]
[TimeControl "180+1"]
[EndTime "10:56:16 PDT"]
[Termination "Beca95 won by resignation"]

1. b3 e5 2. Bb2 Nc6 3. e3 g6 4.
d4 exd4 5. Nf3 Bg7 6. Nxd4 Nf6 7. Be2 O-O 8. Nxc6 bxc6 9. c4 Re8 10. O-O d6 11.
Bf3 Bd7 12. Nc3 h5 13. h3 Nh7 14. Na4 Bxb2 15. Nxb2 Ng5 16. Nd3 Qf6 17. Nf4 Re5 18. Be2 Rae8 19. Re1 Kg7 20. Bf1 Ne4 21. Qd4 c5 22. Qb2 Bc6 23. Nd3 R5e7 24. Qxf6+ Kxf6 25. f3 Ng3 26. e4 h4 27. Kf2 g5 28. Nb2 Kg7 29. Bd3 Nh5 30. Nd1 Nf4 31. Bc2 Bd7 32. Nc3 Re5 33. Rad1 Kf6 34. Rh1 a6 35. Rhe1 R5e7 36.
Rh1 Bc6 37. Rhe1 Re5 38. Rh1 Ke7 39. Rhe1 Kd8 40. Ra1 Kc8 41. Rad1 R8e6 42. Rd2 Kb7 43. Rdd1 Bd7 44. Rd2 c6 45. Red1 Kc7 46. Ne2 Rg6 47. Nc3 a5 48. Bb1 Rf6 49. Bc2 Re8 50.
Bb1 Ng6 51. Bc2 Ne5 52. Rf1 Bxh3 53. gxh3 Rxf3+ 54. Ke2 Rxc3 55. Rf5 Rxh3 56. Rxg5 Rh2+ 0-1

[Event "*** Titled Tuesday Blitz"]
[Site "Chess.com"]
[Date "2020.05.26"]
[Round "5"]
[White "albi1999"]
[Black "Grandelicious"]
[Result "0-1"]
[WhiteElo "2609"]
[BlackElo "2793"]
[TimeControl "180+1"]
[EndTime "10:56:16 PDT"]
[Termination "Grandelicious won by resignation"]

1. d4 d5 2. Nf3 e6 3. c4 a6 4. Bg5 Be7 5. Bxe7 Qxe7 6. Nbd2 Nf6 7. g3 O-O 8. Bg2 b6 9. O-O Bb7 10. cxd5 exd5 11. Rc1 c5 12. Qb3 Qc7 13. dxc5 bxc5 14. Qa3 Nbd7 15. Nb3 Rfc8 16. Na5 Qb6 17. Rfd1 Rab8 18.
Nxb7 Rxb7 19. b3 Rbc7 20. e3 c4 21. Nd4 Ne5 22. bxc4 dxc4 23. Nf5 Rb8 24. Rd6 Qc5 25. Qxc5 Rxc5 26. Bf1 a5 27. Nd4 Ne4 28. Ra6 Nd3 29.
Rc2 Nb4 30. Rxc4 Nxa6 31. Ra4 Nc7 0-1

[Event "*** Titled Tuesday Blitz"]
[Site "Chess.com"]
[Date "2020.05.26"]
[Round "5"]
[White "ThePatrick27"]
[Black "Omk124"]
[Result "0-1"]
[WhiteElo "2559"]
[BlackElo "2418"]
[TimeControl "180+1"]
[EndTime "10:56:16 PDT"]
[Termination "Omk124 won by resignation"]

1. d4 Nf6 2. c4 g6 3. Nc3 d5 4. cxd5 Nxd5 5. e4 Nxc3 6. bxc3 Bg7 7. Be3 O-O 8. Nf3 c5 9. Rc1 Bg4 10. Be2 Nd7 11. O-O Rc8 12. h3 Bxf3 13. Bxf3 Qa5 14. Qb3 b6 15. Bg4 Rfd8 16. e5 e6 17. Bg5 Re8 18.
Bf3 Rc7 19. Be4 Rec8 20. Be3 cxd4 21. Bxd4 Nxe5 22. Bxe5 Qxe5 23. Bf3 Rxc3 24. Rxc3 Qxc3 25. Qa4 Rc7 26. Rd1 Bf6 27. Qf4 Kg7 28. h4 h5 29. g3 Rc4 30. Be4 Qb4 31. f3 Qc5+ 32. Kh1 Qf2 33. Rd7 Qxa2 34. Rc7 Qa1+ 35. Kg2 Qb2+ 36.
Kh3 Qc3 37. Rxa7 Qe1 38. Kg2 Rd4 39. Ra2 e5 0-1

[Event "*** Titled Tuesday Blitz"]
[Site "Chess.com"]
[Date "2020.05.26"]
[Round "5"]
[White "BlackWidow515"]
[Black "chesstatour"]
[Result "1-0"]
[WhiteElo "2121"]
[BlackElo "1908"]
[TimeControl "180+1"]
[EndTime "10:56:17 PDT"]
[Termination "BlackWidow515 won on time"]

1. e4 c6 2. d4 d5 3. exd5 cxd5 4. Bd3 Nc6 5. Nf3 g6 6. c3 Bg7 7. O-O Nh6 8. Bf4 O-O 9. Re1 f6 10.
Bb5 Nf7 11. Bg3 a6 12. Ba4 Bg4 13. h3 Bxf3 14. Qxf3 e5 15. dxe5 fxe5 16. Bb3 e4 17.
Qd1 Ne7 18. Nd2 Qb6 19. Nf1 Rad8 20. Ne3 Qc6 21. Bh4 g5 22. Bg3 Kh8 23. Qd2 Ne5 24.
Rad1 Nd3 25. Re2 Nf5 26. Nxf5 Rxf5 27. Qe3 Rdf8 28. Rb1 Nf4 29. Rd2 Nh5 30. Rbd1 Nxg3 31. fxg3 Rd8 32. g4 Rf4 33. Bxd5 Qb6 34. Qxb6 1-0

[Event "*** Titled Tuesday Blitz"]
[Site "Chess.com"]
[Date "2020.05.26"]
[Round "5"]
[White "Azeryahu"]
[Black "ChessicallyInclined"]
[Result "1-0"]
[WhiteElo "2767"]
[BlackElo "2525"]
[TimeControl "180+1"]
[EndTime "10:56:18 PDT"]
[Termination "Azeryahu won by resignation"]

1. Nf3 Nf6 2. g3 b6 3. Bg2 Bb7 4. O-O g6 5. d4 Bg7 6. c4 O-O 7. Nc3 Ne4 8. Bd2 Nxd2 9. Qxd2 c5 10. d5 d6 11. h4 h5 12. Bh3 Bc8 13. Bxc8 Qxc8 14. Kg2 Nd7 15. a4 Nf6 16. Ng5 Ng4 17. b3 a6 18. Ra2 Qd7 19. f3 Ne5 20. Qc2 Rab8 21. Rh1 Bh6 22. Nh3 Kg7 23. Nf2 f5 24. f4 Ng4 25. Nxg4 hxg4 26. e4 e6 27. Qd3 Rbe8 28. Re2 e5 29. fxe5 Rxe5 30. exf5 Rxe2+ 31. Qxe2 Qxf5 32. Rf1 Qxf1+ 33. Qxf1 Rxf1 34. Kxf1 Kf6 35. Ke2 Ke5 36. Kd3 Bg7 37. Ne4 Bf8 38. Nf2 Kf5 39. Nd1 Bh6 40. Nc3 Ke5 41. Ne4 b5 42. cxb5 axb5 43. axb5 Kxd5 44. Nf6+ Ke6 45. b6 Kxf6 46. b7 1-0

[Event "*** Titled Tuesday Blitz"]
[Site "Chess.com"]
[Date "2020.05.26"]
[Round "5"]
[White "thedjoker98"]
[Black "kuban1991"]
[Result "0-1"]
[WhiteElo "2481"]
[BlackElo "2711"]
[TimeControl "180+1"]
[EndTime "10:56:18 PDT"]
[Termination "kuban1991 won by checkmate"]

1. d4 g6 2. c4 Bg7 3. e4 Nc6 4. Nf3 e5 5. Bg5 Nge7 6. dxe5 Nxe5 7. Nxe5 Bxe5 8. Nc3 d6 9. Nd5 c6 10. Bxe7 Qa5+ 11. b4 Qa3 12. Bf6 Bxf6 13. Nxf6+ Ke7 14. Be2 Qc3+ 15. Kf1 Qxf6 16. Rc1 Rd8 17. f3 c5 18. Qd2 Kf8 19. Kf2 Kg7 20. Rhd1 Be6 21. bxc5 dxc5 22. Qe3 b6 23. e5 Qh4+ 24. Kg1 Rxd1+ 25. Rxd1 Rd8 26.
Rxd8 Qxd8 27. f4 h5 28. g3 Qd7 29. Kf2 Qa4 30. f5 Bxf5 31. Qg5 Qxa2 32. Qf6+ Kg8 33.
Qd8+ Kh7 34. Qf8 Be6 35. Ke3 Qa3+ 36. Kf2 Qb2 37. Kf3 Bg4+ 38. Kf4 Qd4+ 39. Kg5 Qxe5+ 40.
Kh4 g5# 0-1

[Event "*** Titled Tuesday Blitz"]
[Site "Chess.com"]
[Date "2020.05.26"]
[Round "5"]
[White "fabianvivasz"]
[Black "Sadykov_Ramil"]
[Result "0-1"]
[WhiteElo "2290"]
[BlackElo "2494"]
[TimeControl "180+1"]
[EndTime "10:56:18 PDT"]
[Termination "Sadykov_Ramil won on time"]

1. e4 c5 2. Nf3 Nc6 3. d4 cxd4 4. Nxd4 e6 5. Nc3 d6 6. Be3 Nf6 7.
h3 Be7 8. g4 h6 9. Qd2 Nxd4 10. Bxd4 a6 11. Bg2 e5 12. Be3 Be6 13.
O-O-O Rc8 14. f4 exf4 15. Bxf4 Nd7 16. Bxd6 Bg5 17. Bf4 Bxf4 18. Qxf4 Rxc3 19. bxc3 Qa5 20. Rd3 O-O 21. e5 Nxe5 22. Rg3 Nc4 23. Be4 Rd8 0-1

[Event "*** Titled Tuesday Blitz"]
[Site "Chess.com"]
[Date "2020.05.26"]
[Round "5"]
[White "Nathan_Filgueiras"]
[Black "AttilaTurzo"]
[Result "1-0"]
[WhiteElo "2332"]
[BlackElo "2444"]
[TimeControl "180+1"]
[EndTime "10:56:18 PDT"]
[Termination "Nathan_Filgueiras won by checkmate"]

1. e4 c5 2. Nf3 d6 3. d4 cxd4 4. Nxd4 Nf6 5. Nc3 a6 6. h3 e5 7. Nde2 Be7 8. g4 O-O 9. Bg2 Be6 10. O-O Nbd7 11. Be3 b5 12. Ng3 b4 13. Nd5 Bxd5 14.
exd5 Nb6 15. b3 g6 16. a3 a5 17. axb4 axb4 18. Rxa8 Nxa8 19. Qd2 Qb8 20. f4 exf4 21. Bxf4 Nd7 22. Ne4 f5 23. gxf5 Rxf5 24. h4 Ne5 25. Bh3 Rh5 26. Be6+ Kh8 27. Ng5 Qb6+ 28. Be3 Qd8 29.
Nf7+ Nxf7 30. Rxf7 Bf6 31. Bd4 Bxd4+ 32. Qxd4+ Re5 33.
Qf4 Kg8 34. Rf8+ Kg7 35. Rxd8 Nb6 36. Qf8# 1-0

[Event "*** Titled Tuesday Blitz"]
[Site "Chess.com"]
[Date "2020.05.26"]
[Round "5"]
[White "StockholmMissile"]
[Black "floplover"]
[Result "1-0"]
[WhiteElo "2411"]
[BlackElo "2233"]
[TimeControl "180+1"]
[EndTime "10:56:19 PDT"]
[Termination "StockholmMissile won on time"]

1. d4 d5 2. c4 e6 3. Nf3 Nf6 4. Bg5 Bb4+ 5. Nbd2 dxc4 6. e3 b5 7.
a3 Bxd2+ 8. Nxd2 Bb7 9. b3 c3 10. Nb1 a6 11. Nxc3 h6 12. Bh4 Nbd7 13. Rc1 O-O 14. Be2 Qe7 15. b4 c6 16. O-O a5 17.
Rb1 axb4 18. axb4 Nb6 19. Ne4 g5 20. Nxf6+ Qxf6 21. Bg3 Nd5 22. Qd2 Rfd8 23. Bf3 Ra4 24. Bxd5 exd5 25. f4 g4 26. f5 Bc8 27. Be5 Qg5 28.
Rf4 h5 29. Rc1 Re8 30. Rxc6 Bxf5 31. Rc1 Be4 32. Qf2 f5 33. Qf1 Rxb4 34. Qe2 Ra8 35. Qd2 Rc4 36. Qb2 1-0

[Event "*** Titled Tuesday Blitz"]
[Site "Chess.com"]
[Date "2020.05.26"]
[Round "5"]
[White "Gerodot71"]
[Black "BJthechessgod"]
[Result "1-0"]
[WhiteElo "2397"]
[BlackElo "2121"]
[TimeControl "180+1"]
[EndTime "10:56:19 PDT"]
[Termination "Gerodot71 won on time"]

1. d4 Nf6 2. c4 e6 3. Nf3 b6 4. a3 Bb7 5. Nc3 Be7 6. d5 O-O 7. e4 d6 8. Be2 e5 9. O-O Nbd7 10. b4 a5 11. Be3 Ng4 12. h3 Nxe3 13. fxe3 axb4 14.
axb4 Bf6 15. Qc2 Re8 16. Nd2 Qe7 17. Nb3 Bg5 18. Qd3 Rxa1 19. Rxa1 Ra8 20. Rxa8+ Bxa8 21. Nb5 Qd8 22. Kf2 Bh4+ 23. Kf1 Qg5 24. Bf3 Qg3 25. Qd2 Bd8 26. Ke2 f5 27. exf5 Nf6 28. e4 Qh4 29.
Qe3 Qg3 30. Kd3 Qh2 31. c5 Qh1 32. Kc2 bxc5 33. bxc5 Qf1 34. Nc3 c6 35. cxd6 cxd5 36. exd5 Qa6 37. Qxe5 Nd7 38. Qe6+ Kf8 39. Qxd7 1-0

[Event "*** Titled Tuesday Blitz"]
[Site "Chess.com"]
[Date "2020.05.26"]
[Round "5"]
[White "RobertPrieb2007"]
[Black "DenLaz"]
[Result "1-0"]
[WhiteElo "2459"]
[BlackElo "2647"]
[TimeControl "180+1"]
[EndTime "10:56:20 PDT"]
[Termination "RobertPrieb2007 won by resignation"]

1. d4 Nf6 2. c4 e6 3. Nc3 Bb4 4. Qc2 d5 5. cxd5 exd5 6. a3 Bxc3+ 7. bxc3 O-O 8. e3 c5 9. Nf3 Nc6 10. Bd3 c4 11. Be2 Ne4 12. Bxc4 dxc4 13. Qxe4 Re8 14. Qf4 Qd5 15. O-O Bf5 16. Nd2 Bd3 17. Re1 f5 18. f3 Qa5 19. Bb2 Rf8 20. Qg5 h6 21. Qg6 Rad8 22.
Kh1 Kh8 23. a4 Ne7 24. Qh5 Nd5 25. e4 Nxc3 26. d5 Qb4 27. Ba3 Qb6 28. Bxf8 Rxf8 29. Qh4 Qb2 30. Qf4 Kg8 31. Qe3 fxe4 32. fxe4 Na2 33.
Nf3 Nb4 34. Nd4 Re8 35. e5 Nxd5 36. Qg1 Nf4 37. Rac1 Nxg2 38. Qxg2 Qxd4 39. Qxb7 Rxe5 40. Qb8+ Kh7 41. Qxe5 Qg4 42. Re3 Qh4 43. Rxd3 cxd3 44. Qf5+ 1-0

[Event "*** Titled Tuesday Blitz"]
[Site "Chess.com"]
[Date "2020.05.26"]
[Round "5"]
[White "CarlosAlbornoz"]
[Black "sergiochess83"]
[Result "1-0"]
[WhiteElo "2731"]
[BlackElo "2846"]
[TimeControl "180+1"]
[EndTime "10:56:21 PDT"]
[Termination "CarlosAlbornoz won on time"]

1. e4 c6 2. d4 d5 3. e5 Bf5 4. Nf3 e6 5. Be2 Ne7 6. O-O c5 7. c4 Nbc6 8. Nc3 a6 9. dxc5 d4 10. Na4 d3 11. Nb6 dxe2 12. Qxe2 Bd3 13. Qe1 Bxf1 14.
Qxf1 Ng6 15. Bg5 Qb8 16. Rd1 Bxc5 17. Nxa8 Qxa8 18. h4 h6 19. h5 Ngxe5 20. Nxe5 hxg5 21. Nd7 Bd4 22. b4 Kxd7 23. b5 e5 24. bxc6+ bxc6 25. Qd3 Kc7 26. Qf5 Qd8 27. Qxf7+ Qd7 28. Qf3 Rh6 29. Rb1 Rf6 30. Qb3 Qc8 31. Qa3 Kd7 32. Qh3+ Kd8 33. Qa3 Ke8 34. Kh1 Rxf2 35. Qd6 Rf6 36.
Qa3 g4 37. Qg3 Rh6 38. Qh4 1-0

[Event "*** Titled Tuesday Blitz"]
[Site "Chess.com"]
[Date "2020.05.26"]
[Round "5"]
[White "silverback96"]
[Black "nikitakhoroshev"]
[Result "0-1"]
[WhiteElo "2306"]
[BlackElo "2436"]
[TimeControl "180+1"]
[EndTime "10:56:21 PDT"]
[Termination "nikitakhoroshev won by checkmate"]

1. d4 Nf6 2. c4 d6 3. Nf3 Nbd7 4. g3 e5 5. Nc3 Be7 6. Bg2 c6 7. O-O e4 8. Ng5 d5 9. f3 h6 10. fxe4 hxg5 11. cxd5 cxd5 12. exd5 Nb6 13. e4 Bh3 14. Qf3 Bxg2 15. Kxg2 Qd7 16. Kg1 Qg4 17. Qf2 O-O-O 18. Qc2 Kb8 19. a4 Rc8 20. a5 Nc4 21. Ra4 Nd6 22. e5 Nxd5 23. exd6 Bxd6 24. Qb3 Bxg3 25. Nxd5 Bxh2+ 26. Kf2 Bd6 27. Be3 Rh2+ 28. Ke1 Qe2# 0-1

[Event "*** Titled Tuesday Blitz"]
[Site "Chess.com"]
[Date "2020.05.26"]
[Round "5"]
[White "Turquoise_2701"]
[Black "CookiesAndIceCream"]
[Result "1-0"]
[WhiteElo "2169"]
[BlackElo "2311"]
[TimeControl "180+1"]
[EndTime "10:56:21 PDT"]
[Termination "Turquoise_2701 won on time"]

1. Nf3 d5 2. c4 d4 3. b4 g5 4. Bb2 Bg7 5. Nxg5 e5 6. h4 Ne7 7. d3 c5 8. bxc5 Na6 9. Ne4 Nxc5 10. Nxc5 Qa5+ 11. Qd2 Qxc5 12. Ba3 Qc7 13. h5 h6 14. g3 O-O 15. Bg2 Re8 16. Qc1 Bg4 17. Nd2 Nc6 18. Ne4 Rad8 19. Rh4 f5 20. Nc5 e4 21.
dxe4 d3 22. Nxd3 Qa5+ 23. Kf1 Bxa1 24. Qxa1 Qxa3 25. f3 Qe7 26. fxg4 Nd4 27. gxf5 Kh7 28. e5 Qg5 29. Be4 Qe3 30. f6+ Kh8 31. Qc1 Qxe2+ 32. Kg1 1-0

[Event "*** Titled Tuesday Blitz"]
[Site "Chess.com"]
[Date "2020.05.26"]
[Round "5"]
[White "attack2mateU"]
[Black "Firouzja2003"]
[Result "0-1"]
[WhiteElo "2673"]
[BlackElo "3169"]
[TimeControl "180+1"]
[EndTime "10:56:22 PDT"]
[Termination "Firouzja2003 won by resignation"]

1. e4 c5 2. Nf3 d6 3. d4 cxd4 4. Nxd4 Nf6 5. Nc3 Nc6 6. Bg5 Bd7 7. Qd2 Rc8 8. Nb3 h6 9. Bxf6 gxf6 10. f4 a6 11. Be2 h5 12. O-O e6 13. Kh1 Qb6 14.
a3 Na5 15. Nxa5 Qxa5 16. Rf3 h4 17. Rh3 Qc5 18. Rd1 Qb6 19. b4 Qc7 20. Qe1 Ke7 21. f5 Bh6 22. Bg4 Bf4 23. fxe6 fxe6 24. Ne2 Be5 25.
c3 Qc4 26. Nd4 Rh7 27. Be2 Qc7 28. Nf3 Qxc3 29. Nxe5 Qxe1+ 30. Rxe1 dxe5 31. g3 Rc3 32. Rxh4 Rxh4 33. gxh4 Re3 34. Kg2 Rxe4 35. Kf2 Rxh4 36. Kg3 Re4 37. Kf3 0-1